 Dungeon Crawl Stone Soup version 0.27-a0-343-gfcad680f63 (webtiles) character file.

Game seed: 12629131046036662430

22 wampuh the Covert (level 2, -11/25 (29) HPs)
             Began as a Gnoll Delver on Feb 15, 2021.
             Was an Initiate of Zin.
             Mangled by a wight
             ... wielding a +3 halberd
              (16 damage)
             ... on level 6 of the Dungeon.
             The game lasted 00:00:23 (329 turns).

wampuh the Covert (Gnoll Delver)                     Turns: 329, Time: 00:00:24

HP:   -11/25 (29)   AC:  3    Str: 11    XL:     2   Next: 91%
MP:   2/2           EV: 13    Int:  9    God:    Zin [......]
Gold: 0             SH:  0    Dex: 13    Spells: 2/2 levels left

rFire    . . .     SeeInvis .   a - +0 spear
rCold    . . .     Faith    .   (no shield)
rNeg     . . .     Spirit   .   b - +0 leather armour
rPois    .         Reflect  .   (no helmet)
rElec    .         Harm     .   (no cloak)
rCorr    .         Rampage  .   (no gloves)
Will     .....                  (no boots)
Stlth    ++++......             (no amulet)
HPRegen  0.08/turn              (no ring)
MPRegen  0.08/turn              (no ring)

@: heavily drained
A: distributed training, fangs 1, strong nose
a: Renounce Religion, Donate Gold


You were on level 6 of the Dungeon.
You worshipped Zin.
Zin was noncommittal.
You visited 1 branch of the dungeon, and saw 2 of its levels.

Inventory:

Hand Weapons
 a - a +0 spear (weapon)
Armour
 b - a +0 leather armour (worn)
Wands
 g - a wand of digging (3)
Scrolls
 c - a scroll of fog
 d - a scroll of magic mapping
 e - a scroll of fear
Potions
 f - 2 potions of haste


   Skills:
 + Level 6.5 Fighting
 + Level 0.5 Short Blades
 + Level 0.5 Long Blades
 + Level 0.5 Axes
 + Level 0.5 Maces & Flails
 + Level 4.5 Polearms
 + Level 0.5 Staves
 + Level 0.5 Slings
 + Level 0.5 Bows
 + Level 0.5 Crossbows
 + Level 0.5 Throwing
 + Level 0.5 Armour
 + Level 4.5 Dodging
 + Level 9.5 Stealth
 + Level 0.5 Shields
 + Level 0.5 Unarmed Combat
 + Level 0.5 Spellcasting
 + Level 0.4 Conjurations
 + Level 0.4 Hexes
 + Level 0.4 Summonings
 + Level 0.4 Necromancy
 + Level 0.4 Translocations
 + Level 0.4 Transmutations
 + Level 0.4 Fire Magic
 + Level 0.4 Ice Magic
 + Level 0.4 Air Magic
 + Level 0.4 Earth Magic
 + Level 0.4 Poison Magic
 + Level 0.7 Invocations
 + Level 0.5 Evocations


You had 2 spell levels left.
You didn't know any spells.
Your spell library was empty.

Dungeon Overview and Level Annotations

Branches:
Dungeon (6/15)
 Temple: D:4-7

Altars:
Zin


Innate Abilities, Weirdness & Mutations

Your experience applies equally to all skills.
You have very sharp teeth.
Your uncanny sense of smell can sniff out nearby items.


Message History

You reach to attack!
You hit the wight but do no damage.
The wight is heavily damaged.
The wight closely misses you.
You reach to attack!
You completely miss the wight.
The wight is heavily damaged.
The wight hits you from afar with a +3 halberd.
You feel drained.
You reach to attack!
You hit the wight but do no damage.
The wight is heavily damaged.
The wight closely misses you.
You reach to attack!
You barely miss the wight.
The wight is heavily damaged.
You reach to attack!
You hit the wight.
The wight is heavily damaged.
The wight hits you from afar with a +3 halberd.
You feel drained.
You reach to attack!
You hit the wight but do no damage.
The wight is heavily damaged.
The wight closely misses you.
You reach to attack!
You hit the wight but do no damage.
The wight is heavily damaged.
The wight hits you from afar with a +3 halberd!
You feel drained.
* * * LOW HITPOINT WARNING * * *
You are too injured to fight recklessly!
You are too injured to fight recklessly!
You are too injured to fight recklessly!
Reach: a) +0 spear
Press: ? - help, Dir - move target, f/p - wight
Aim: a wight, wielding a +3 halberd and wearing a +0 robe (heavily damaged, about 35% to evade your +0 spear)
You reach to attack!
You hit the wight.
The wight is almost destroyed.
Reach: a) +0 spear
Press: ? - help, Dir - move target, f/p - wight
Aim: a wight, wielding a +3 halberd and wearing a +0 robe (almost destroyed, about 35% to evade your +0 spear)
You reach to attack!
You hit the wight.
The wight is almost destroyed.
The wight hits you from afar with a +3 halberd!
Ouch! That really hurt!
You die...

#..####.#
....####.#
......#....# ∆
....#####.####
.... #. #.#
..>###. #.# ..
.z. #.# #.##.#
#.@..# ######


You could see a wight.

Vanquished Creatures
  A worker ant (D:6)
1 creature vanquished.

Notes
Turn   | Place    | Note
-------+----------+-------------------------------------------
     0 | D:5      | Reached skill level 9 in Stealth
     0 | D:5      | wampuh the Gnoll Delver began the quest for the Orb.
     0 | D:5      | Reached XP level 1. HP: 23/23 MP: 1/1
     2 | D:5      | Found a glowing silver altar of Zin.
    11 | D:5      | Became a worshipper of Zin the Law-Giver
    23 | D:6      | Noticed a worker ant
    29 | D:6      | Killed a worker ant
    30 | D:6      | Reached XP level 2. HP: 20/29 MP: 2/2
   313 | D:6      | Noticed a wight
   329 | D:6      | Mangled by a wight

Illustrated notes

Levels and vault maps discovered:
D:5:      layout_basic, nicolae_overflow_hidden_temple, makhleb_grotto_becter,
          slow_altar_1, chequers_serial_rivers_micro_d, minivault_24,
          minmay_guarded_unrand_staff_of_olgreb, uniq_crazy_yiuf_cottage,
          uniq_ijyb
D:6:      layout_basic, lemuel_round_altar, lemuel_crystal_altar, uniq_maggie

Skill      XL: | |
---------------+-+-----
Stealth        | |  9.5
Fighting       | |  6.5
Short Blades   | |  0.5
Long Blades    | |  0.5
Axes           | |  0.5
Maces & Flails | |  0.5
Polearms       | |  4.5
Staves         | |  0.5
Slings         | |  0.5
Bows           | |  0.5
Crossbows      | |  0.5
Throwing       | |  0.5
Armour         | |  0.5
Dodging        | |  4.5
Shields        | |  0.5
Unarmed Combat | |  0.5
Spellcasting   | |  0.5
Conjurations   | |  0.4
Hexes          | |  0.4
Summonings     | |  0.4
Necromancy     | |  0.4
Translocations | |  0.4
Transmutations | |  0.4
Fire Magic     | |  0.4
Ice Magic      | |  0.4
Air Magic      | |  0.4
Earth Magic    | |  0.4
Poison Magic   | |  0.4
Invocations    | |  0.7
Evocations     | |  0.5

Action                   || total
-------------------------++-------
Melee: Spear             ||    21
 Stab: Sleeping          ||     2
Dodge: Dodged            ||     9

Table legend: (Time is in decaauts)
 A = Elapsed time spent in this place.
 B = Non-inter-level travel time spent in this place.
 C = Inter-level travel time spent in this place.
 D = Time resting spent in this place.
 E = Time spent auto-exploring this place.
 F = Levels seen in this place.
 G = Mean time per level.
                   A        B        C        D        E       F      G
               +--------+--------+--------+--------+--------+-----+--------+
         Total |    326 |    322 |      4 |    265 |     28 |   2 |  163.0 |
       Dungeon |    326 |    322 |      4 |    265 |     28 |   2 |  163.0 |
               +--------+--------+--------+--------+--------+-----+--------+

Top non-repeatable levels by time:
     D:6: 303 daAuts
     D:5: 23 daAuts
